[Event "Open NK Rapid 2025"]
[Site "Helmond, Netherlands"]
[Date "2025.05.03"]
[Round "5.2"]
[White "Warmerdam, Max"]
[Black "Dgebuadze, Alexandre"]
[Result "1-0"]
[TimeControl "15+5"]
[WhiteFideId "1048104"]
[BlackFideId "203882"]
[WhiteElo "2517"]
[BlackElo "2454"]

1. Nf3 d6 2. d4 Nf6 3. c4 g6 4. Nc3 Bf5 5. Qb3 Qc8 6. h3 Nc6 7. d5 Nb8 8. Nd4 Bd7 9. e4 Bg7 10.
Be3 O-O 11. Be2 Na6 12. Qc2 e5 13. Nb3 Nb4 14. Qd1 a5 15. c5 a4 16. Nd2 a3 17. Qb3 Na6 18. cxd6 axb2 19. Qxb2 Ne8 20.
dxc7 f5 21. Nc4 Qxc7 22. Rc1 Qd8 23. Nb6 f4 24. Bd2 Ra7 25. Nxd7 Qxd7 26. Qb6 Ra8 27. Bg4 Qd6 28. Qxb7 Rb8 29.
Qc6 Nb4 30. Qc4 Nc7 31. O-O h5 32. Bf3 Nba6 33. Qc6 Qxc6 34. dxc6 Rb2 35. Rfd1 Ne6 36. Be2 Nac5 37. Bc4 Kh7 38.
Na4 Rbb8 39. Nxc5 Nxc5 40. Bd5 Nd3 41. Rc3 Nb4 42. Rc4 Nxd5 43. exd5 e4 44. d6 e3 45. fxe3 fxe3 46. Bxe3 Be5 47.
c7 Ra8 48. d7 1-0

[Event "Open NK Rapid 2025"]
[Site "Helmond, Netherlands"]
[Date "2025.05.03"]
[Round "5.3"]
[White "Roebers, Eline"]
[Black "Peng, Li Min"]
[Result "1-0"]
[TimeControl "15+5"]
[WhiteFideId "1058401"]
[BlackFideId "14112620"]
[WhiteElo "2390"]
[BlackElo "2510"]

1. e4 g6 2. d4 Bg7 3. Nc3 d6 4. f4 a6 5. Nf3 b5 6. Bd3 Nd7 7. a4 b4 8. Ne2 c5 9. c3 bxc3 10.
bxc3 Qc7 11. O-O Bb7 12. e5 Nh6 13. Ng5 e6 14. Ne4 dxe5 15. fxe5 O-O 16. Qe1 Nf5 17. g4 cxd4 18. gxf5 exf5 19.
Nf6+ Nxf6 20. exf6 Bxf6 21. Qg3 Qc6 22. Bg5 Rfe8 23. Nxd4 f4 24. Nxc6 fxg3 25. Rxf6 gxh2+ 26. Kxh2 Rac8 27. Na5 Rxc3 28. Bc4 Re4 29. Bxf7+ Kg7 30. Nxb7 Re2+ 31. Kg1 Rg3+ 32. Kf1 Rxg5 33. Kxe2 Kxf6 34. Bc4 a5 35. Rf1+ Ke5 36. Rb1 Kd4 37. Bb5 h5 38. Nxa5 h4 39. Kf3 Rg3+ 40. Kf2 g5 41. Nb3+ Kc3 42. Nc5 Kd4 43. Rc1 Ra3 44. Ne6+ Ke5 45.
Nxg5 Kf4 46. Ne6+ Ke5 47. Re1+ Kf6 48. Nf4 Kf5 49. Nd5 h3 50. Bd7+ Kg5 51. Re5+ Kh6 52. Kg1 Ra2 53. Nc3 Rc2 54. Re3 h2+ 55.
Kh1 Kg5 56. a5 Kf4 57. Rd3 Rc1+ 58. Kxh2 Ra1 59. Ba4 1-0

[Event "Open NK Rapid 2025"]
[Site "Helmond, Netherlands"]
[Date "2025.05.03"]
[Round "5.4"]
[White "Beerdsen, Thomas"]
[Black "Kuipers-Haast, Anne"]
[Result "1-0"]
[TimeControl "15+5"]
[WhiteFideId "1030108"]
[BlackFideId "1017292"]
[WhiteElo "2485"]
[BlackElo "2272"]

1. e4 c5 2. Nf3 e6 3. d4 cxd4 4. Nxd4 Nc6 5. Bf4 d6 6. Nxc6 bxc6 7. c4 e5 8. Be3 Nf6 9. Nc3 Be7 10.
Be2 O-O 11. O-O Be6 12. b4 Nd7 13. a4 f5 14. exf5 Bxf5 15. Bf3 Rc8 16. Bxc6 Nb6 17. a5 Nd7 18. Bxa7 Kh8 19. b5 Qe8 20.
Nd5 Bd8 21. Be3 Qg6 22. f3 Nb8 23. a6 Nxc6 24. bxc6 Bd3 25. Rf2 Bh4 26. Rd2 Bxc4 27. Nb6 Bxa6 28. Rxd6 Qe8 29. Rxa6 Rxc6 30.
Ra8 Rxd6 31. Qxd6 Be7 32. Rxe8 Bxd6 33. Rxf8+ Bxf8 34. Kf2 Kg8 35. Ke2 Kf7 36. Kd3 Ke6 37. Ke4 1-0

[Event "Open NK Rapid 2025"]
[Site "Helmond, Netherlands"]
[Date "2025.05.03"]
[Round "5.5"]
[White "Baselmans, Luuk"]
[Black "Hilwerda, Jonas"]
[Result "0-1"]
[TimeControl "15+5"]
[WhiteFideId "1051008"]
[BlackFideId "1046713"]
[WhiteElo "2405"]
[BlackElo "2233"]

1. e4 c5 2. Nf3 Nc6 3. Bb5 g6 4. O-O Bg7 5. Re1 e5 6. b4 Nxb4 7. Bb2 Qc7 8. a3 Nc6 9. Nc3 Nge7 10.
Nd5 Qd8 11. c3 O-O 12. d4 d6 13. Nxe7+ Nxe7 14. h3 Qc7 15.
a4 a6 16. Bf1 b6 17. Bc1 Bd7 18. Bg5 f6 19. Be3 Be6 20. Rb1 Rfb8 21. d5 Bd7 22. c4 f5 23. Bg5 Be8 24. Bd3 f4 25.
Bxe7 Qxe7 26. Re2 Qd7 27. Ra2 Bf6 28. Bc2 Bd8 29. Rab2 Qg7 30. Bd3 Rb7 31. Qc2 Rab8 32. Nh2 h5 33.
Be2 Kh7 34. Qd1 Kh6 35. Nf1 Qf6 36. Nh2 Qe7 37. Nf3 Bd7 38. Nh2 Qe8 39. Ra1 b5 40. axb5 axb5 41. cxb5 Bxb5 42. Rab1 Bxe2 43.
Qxe2 Rb4 44. Rxb4 0-1

[Event "Open NK Rapid 2025"]
[Site "Helmond, Netherlands"]
[Date "2025.05.03"]
[Round "5.6"]
[White "Uddin, Ahnaf Tajwar"]
[Black "Cernov, Vadim"]
[Result "0-1"]
[TimeControl "15+5"]
[WhiteFideId "1050842"]
[BlackFideId "1210629"]
[WhiteElo "2081"]
[BlackElo "2320"]

1. Nf3 Nf6 2. b3 g6 3.
Bb2 Bg7 4. e3 O-O 5. Be2 c5 6.
O-O Nc6 7. Bb5 Qc7 8. Bxc6 Qxc6 9. d3 d6 10. Nbd2 b5 11.
a4 a6 12. axb5 axb5 13. Rxa8 Qxa8 14. Qa1 Bb7 15. Qxa8 Rxa8 16. Ra1 Kf8 17. Rxa8+ Bxa8 18. Kf1 Ke8 19. Ke2 h6 20. h3 Kd7 21.
c4 b4 22. Bxf6 Bxf6 23. e4 e6 24. Ne1 Bc3 25. Nb1 Bb2 26. Nc2 f5 27. f3 Ke7 28. Nd2 Kf6 29. Nf1 Bb7 30. Nfe3 Kg5 31.
g3 Kf6 32. Kd2 Ke7 33. Ke2 Be5 34. g4 fxe4 35. dxe4 Kf6 36. Ne1 Bd4 37. N1c2 Bc3 38. Kd3 h5 39. Nd1 Be5 40. Nce3 Kg5 41.
Ng2 hxg4 42. hxg4 d5 43. Nf2 Bd4 44. Nh3+ Kf6 45. g5+ Kf7 46. Nhf4 dxc4+ 47. bxc4 b3 48. Ne2 Ba6 49. Nxd4 cxd4 50. Ne1 Bxc4+ 51. Kd2 b2 52.
Kc2 d3+ 53. Nxd3 Bxd3+ 54. Kxb2 e5 0-1

[Event "Open NK Rapid 2025"]
[Site "Helmond, Netherlands"]
[Date "2025.05.03"]
[Round "5.7"]
[White "Sydykov, Bayastan"]
[Black "Kurt, Sascha"]
[Result "1-0"]
[TimeControl "15+5"]
[WhiteFideId "13829610"]
[BlackFideId "1082647"]
[WhiteElo "2297"]
[BlackElo "1953"]

1. e4 c5 2. Nf3 d6 3.
Bb5+ Nd7 4. Ba4 Ngf6 5. O-O e6 6. Re1 a6 7. c4 Be7 8. Nc3 O-O 9. Bc2 Ne5 10. Nxe5 dxe5 11. d3 Bd7 12.
Be3 Qc7 13. a3 Rfd8 14. Qe2 Ne8 15. Rab1 b5 16. Rec1 Qb7 17. b3 Nc7 18. f4 exf4 19. Bxf4 Ne8 20. Rf1 Bc6 21. Be3 b4 22.
axb4 cxb4 23. Nd1 Bf6 24. Qf2 a5 25. Nb2 e5 26. Ra1 Nc7 27. Na4 Bxa4 28. Rxa4 Ra6 29. Rfa1 Rda8 30. Bd1 Bd8 31. Bg4 Ne8 32. Bf3 Bb6 33.
Bxb6 Rxb6 34. d4 Rba6 35. d5 Qc7 36. c5 Rc8 37. d6 Qd8 38. Bg4 Rca8 39. Be2 R6a7 40. Qf5 Qf6 41. d7 Nc7 42.
Qxf6 gxf6 43. Rxa5 Rxa5 44. Rxa5 Rd8 45. c6 Ne6 46.
Bc4 Nc7 47. Ra7 1-0

[Event "Open NK Rapid 2025"]
[Site "Helmond, Netherlands"]
[Date "2025.05.03"]
[Round "5.8"]
[White "Grochal, Joey"]
[Black "Madularea, David"]
[Result "0-1"]
[TimeControl "15+5"]
[WhiteFideId "1019945"]
[BlackFideId "1070215"]
[WhiteElo "2261"]
[BlackElo "1921"]

1. d4 Nf6 2. c4 b6 3. Nc3 Bb7 4.
f3 d5 5.
cxd5 Nxd5 6. e4 Nxc3 7. bxc3 e6 8. Be3 c5 9. Bb5+ Nd7 10. dxc5 bxc5 11. Qb3 Rc8 12. Qa4 a6 13. Be2 Bd6 14.
Rd1 Be5 15. Qa3 Qc7 16. g3 h5 17. f4 Bxe4 18. Nf3 Bf6 19. O-O Bf5 20. Qa4 Ke7 21. Bxa6 Ra8 22. Rxd7+ Qxd7 23. Bxc5+ Ke8 24.
Qc4 Be4 25. Qxe4 Rxa6 26. Rb1 Rc6 27.
Ne5 Bxe5 28. Qxe5 f6 29. Qe3 Kf7 30. Bd4 Ra8 31. Qe2 Qd5 32. Rb2 Rca6 33. Be3 Rxa2 34. c4 Rxb2 35. Qxb2 Qe4 36. Kf2 Rd8 37. Qe2 Kg6 38.
Bb6 Qxe2+ 39. Kxe2 Rc8 40. Kd3 Kf5 41. Bf2 h4 42. c5 hxg3 43. hxg3 g5 44. Be3 gxf4 45. gxf4 Rd8+ 46. Kc4 Ke4 47. Bc1 Rc8 48. Bd2 e5 49. fxe5 Kxe5 50. Bc3+ Ke6 51.
Bd2 Kf5 52. Bc3 Ke6 53. Bd2 Rd8 54. Be3 Ke5 55. Bc1 f5 56. Bb2+ Ke4 57. c6 f4 58. Kc5 f3 59. Bf6 Rd5+ 60.
Kb6 f2 61. c7 f1=Q 62. c8=Q Rb5+ 63. Ka7 Ra5+ 64. Kb7 Qb1+ 65. Kc6 Rc5+ 0-1

[Event "Open NK Rapid 2025"]
[Site "Helmond, Netherlands"]
[Date "2025.05.03"]
[Round "5.9"]
[White "Chua, Ethan"]
[Black "Beeke, Bob"]
[Result "0-1"]
[TimeControl "15+5"]
[WhiteFideId "1089250"]
[BlackFideId "1011634"]
[WhiteElo "2069"]
[BlackElo "2217"]

1. e4 d5 2. exd5 Qxd5 3. Nc3 Qa5 4. d4 Nf6 5. Bc4 c6 6. Nf3 Bf5 7. O-O e6 8. Bf4 Be7 9. Re1 O-O 10. a3 Nbd7 11. Qe2 Qd8 12.
h3 Nb6 13. Bd3 Bg6 14. Bxg6 hxg6 15. Rad1 Bd6 16. Bg5 Qc7 17. Ne4 Be7 18. Nxf6+ Bxf6 19. Bxf6 gxf6 20. c4 Rad8 21. b4 Kg7 22.
g3 Rh8 23. Kg2 Rh5 24. h4 Rhh8 25. Qc2 Nc8 26. a4 Nd6 27. a5 Rd7 28. Re3 Nf5 29. Red3 Rhd8 30. Qc3 Ne7 31. Nh2 b5 32. axb6 axb6 33. Ng4 b5 34. Qd2 Nf5 35. c5 Rxd4 36.
Rxd4 Rxd4 37. Qe2 Qd8 38. Ra1 Qd5+ 39. Kh2 Rd2 40. Qe1 Nd4 41. Qe3 Nf5 42. Qa3 Qd4 43. Kh3 Rd3 44. Qa8 Qf4 45.
Rg1 Qf3 46. Qa1 Rd4 0-1

[Event "Open NK Rapid 2025"]
[Site "Helmond, Netherlands"]
[Date "2025.05.03"]
[Round "5.10"]
[White "Grooten, Tommy"]
[Black "Smeets, Kobe"]
[Result "1-0"]
[TimeControl "15+5"]
[WhiteFideId "1068806"]
[BlackFideId "1063910"]
[WhiteElo "2027"]
[BlackElo "2192"]

1. d4 d5 2. c4 e6 3. Nc3 c6 4.
Nf3 dxc4 5. a4 Bb4 6.
e3 b5 7.
Be2 Bb7 8. O-O a6 9. e4 Nd7 10. e5 Ne7 11. Ne4 Nd5 12. Bd2 Be7 13. Nfg5 Qb6 14. Bg4 Qxd4 15. Nxf7 Kxf7 16. Bxe6+ Ke8 17.
Qg4 Nc5 18. Nd6+ Bxd6 19. Qxd4 Nxe6 20. Qg4 Be7 21. Qxe6 Rd8 22. Bg5 Rd7 23. Bxe7 Rxe7 24. Qd6 Rf8 25. e6 Nc7 26. f4 Rf5 27.
Rad1 Nxe6 28. Rfe1 Kf7 29. Rxe6 Rxe6 30. Qd7+ Kf6 31. Qxb7 Rxf4 32. Qc7 Rf5 33. a5 b4 34. Qc8 c3 35. bxc3 bxc3 36. Qxa6 c2 37. Rc1 Rd6 38. Qe2 Rxa5 39. Qxc2 Rf5 40. Qc3+ Kg6 41. Qg3+ 1-0

[Event "Open NK Rapid 2025"]
[Site "Helmond, Netherlands"]
[Date "2025.05.03"]
[Round "5.11"]
[White "Stolwijk, Colin"]
[Black "Cayonlu, Arda"]
[Result "1-0"]
[TimeControl "15+5"]
[WhiteFideId "1033743"]
[BlackFideId "6339786"]
[WhiteElo "2286"]
[BlackElo "1885"]

1. e4 e5 2. Nf3 Nc6 3. Bc4 Bc5 4. O-O d6 5. c3 Qf6 6. b4 Bb6 7. b5 Nd8 8. d4 Bg4 9. dxe5 dxe5 10.
Bg5 Qxg5 11. Nxg5 Bxd1 12. Rxd1 f6 13. Nf3 Nf7 14. Nbd2 Nd6 15. Be2 Ne7 16. a4 c6 17. a5 Bc7 18.
a6 b6 19. bxc6 Nxc6 20. Ne1 O-O 21. Bg4 Rfd8 22. Be6+ Kf8 23. Bd5 Na5 24. Bxa8 Rxa8 25. Nd3 Rc8 26. Nb4 Bd8 27. Nd5 Nb5 28.
Kf1 Nc7 29. Nxc7 Bxc7 30. Ke2 Ke7 31. f3 Bd6 32. Kd3 Rc6 33. Ra4 Bc7 34. Kc2 b5 35. Ra2 b4 36. c4 Bb6 37. Rb1 Nxc4 38. Nxc4 Rxc4+ 39. Kb3 Rd4 40. Rc2 g5 41. Rc4 Rd3+ 42.
Kxb4 Rd2 43. g4 Rxh2 44. Kb5 Ra2 45. Rh1 Ra5+ 46. Kc6 Rxa6 47. Kb7 Ra3 48. Rxh7 1-0

[Event "Open NK Rapid 2025"]
[Site "Helmond, Netherlands"]
[Date "2025.05.03"]
[Round "5.12"]
[White "Bok, Benjamin"]
[Black "Wolff, Christoph"]
[Result "1-0"]
[TimeControl "15+5"]
[WhiteFideId "1017063"]
[BlackFideId "4648706"]
[WhiteElo "2583"]
[BlackElo "1941"]

1. c4 e5 2. g3 Nf6 3. Bg2 d5 4. cxd5 Nxd5 5. Nf3 Nc6 6. O-O Be7 7. d4 exd4 8. Nxd4 Nxd4 9. Qxd4 Nf6 10.
Qa4+ c6 11. Rd1 Qb6 12. Na3 O-O 13. Nc4 Qb4 14. Qxb4 Bxb4 15. a3 Be7 16. b4 Be6 17. Na5 Rad8 18. Be3 Nd5 19. Nxb7 Rb8 20.
Bxd5 Bxd5 21. Na5 Bf6 22. Bd4 Bd8 23. Bxa7 Ra8 24. Rxd5 cxd5 25. Nc6 Bf6 26. Rb1 Rfc8 27. b5 Rc7 28.
b6 Rb7 29. a4 h6 30. a5 Bd8 31. Nxd8 Rxd8 32. a6 1-0

[Event "Open NK Rapid 2025"]
[Site "Helmond, Netherlands"]
[Date "2025.05.03"]
[Round "5.13"]
[White "Garay, Enzo"]
[Black "Cernov, Henrik"]
[Result "0-1"]
[TimeControl "15+5"]
[WhiteFideId "40104125"]
[BlackFideId "16258312"]
[WhiteElo "1933"]
[BlackElo "2291"]

1. d4 Nf6 2. c4 Nc6 3. Nc3 e5 4. d5 Ne7 5.
e4 Ng6 6. g3 Bc5 7. Bg2 d6 8. Nge2 h5 9. Bg5 Bxf2+ 10. Kd2 Bc5 11. Rf1 c6 12. a3 cxd5 13. Nxd5 Nxe4+ 14. Bxe4 Qxg5+ 15. Kc2 O-O 16. b4 Bb6 17. h4 Qh6 18. Bxg6 Qxg6+ 19. Kb3 Bd8 20. Nec3 Be6 21. Qe2 a6 22. a4 Rc8 23. Rad1 Bg4 24.
Qe3 Bxd1+ 25. Rxd1 Qg4 26. Ne4 Qxd1+ 0-1

[Event "Open NK Rapid 2025"]
[Site "Helmond, Netherlands"]
[Date "2025.05.03"]
[Round "5.14"]
[White "Grooten, Herman"]
[Black "Frederiks, Jesse"]
[Result "1/2-1/2"]
[TimeControl "15+5"]
[WhiteFideId "1000330"]
[BlackFideId "1095790"]
[WhiteElo "2219"]
[BlackElo "1937"]

1. d4 Nf6 2. c4 e6 3. Nf3 b6 4. g3 Bb7 5. Bg2 Be7 6. O-O O-O 7. a3 d5 8.
Ne5 Nbd7 9. Nc3 c5 10. cxd5 Nxd5 11. Nxd7 Nxc3 12. bxc3 Qxd7 13. e3 Bxg2 14. Kxg2 Rfd8 15. Qf3 Rac8 16.
a4 cxd4 17. cxd4 Rc2 18. Ba3 Bxa3 19. Rxa3 Rdc8 20. Rfa1 Rb2 21. R3a2 Rxa2 22. Rxa2 g6 23. h4 Rc4 24. a5 b5 25.
a6 Qc6 26. Rb2 Qxa6 27. d5 b4 28. dxe6 Qxe6 29. Qa8+ Kg7 30. Qxa7 Qe4+ 31. Kh2 Qe5 32. Rb3 Rxh4+ 33. Kg1 Rc4 34.
Qa2 Rc1+ 35. Kg2 Qe4+ 36. f3 Rc2+ 37. Kg1 Qc4 38. Qa1+ Kh6 39. Qa8 Rc1+ 40. Kh2 Qe2+ 41. Kh3 Rh1+ 42.
Kg4 f5+ 43. Kf4 Qc4+ 44. Ke5 Qxb3 45.
Qf8+ Kh5 46. g4 fxg4 47. fxg4 Kxg4 48. Qf4+ Kh5 49. Qf3 Kh6 50.
Qf8+ Kh5 51. Qf3 Kg5 52. Qf4 Kh5 53. Qf3 1/2-1/2

[Event "Open NK Rapid 2025"]
[Site "Helmond, Netherlands"]
[Date "2025.05.03"]
[Round "5.15"]
[White "Van Batenburg, Mees"]
[Black "Meulmeester, Luuk"]
[Result "1-0"]
[TimeControl "15+5"]
[WhiteFideId "1078259"]
[BlackFideId "40111776"]
[WhiteElo "2217"]
[BlackElo "1929"]

1. e4 c6 2. d4 d5 3. e5 c5 4. dxc5 e6 5. Qh5 Nc6 6. Nf3 g6 7. Qh3 Bxc5 8. Bd3 Nb4 9. O-O Nxd3 10. cxd3 Ne7 11. Bg5 h5 12.
Nc3 Bd7 13. Qh4 Qa5 14. a3 Nf5 15. Qf4 Be7 16. b4 Qd8 17. Rac1 Rc8 18. Ne2 Rxc1 19. Rxc1 Bb5 20. Bxe7 Qxe7 21.
Rc8+ Kd7 22. Rxh8 Bxd3 23. Ned4 1-0

[Event "Open NK Rapid 2025"]
[Site "Helmond, Netherlands"]
[Date "2025.05.03"]
[Round "5.16"]
[White "Van Roon, Sjoerd"]
[Black "Kriens, Hans"]
[Result "1-0"]
[TimeControl "15+5"]
[WhiteFideId "1051075"]
[BlackFideId "1093665"]
[WhiteElo "2179"]
[BlackElo "1878"]

1. e4 c5 2. Nf3 a6 3. c4 Nc6 4. Nc3 d6 5. d4 cxd4 6. Nxd4 e5 7. Nc2 Nf6 8. Bd3 Be6 9. O-O Be7 10.
Nd5 O-O 11. Be3 Bxd5 12. cxd5 Nb8 13. a4 Nbd7 14. a5 Rc8 15. b4 Ne8 16. Qd2 Qc7 17. Rfc1 Qc3 18. Qe2 Nef6 19. Nd4 Qxb4 20. Rcb1 Qc3 21.
Nf5 Bd8 22. Rc1 1-0

[Event "Open NK Rapid 2025"]
[Site "Helmond, Netherlands"]
[Date "2025.05.03"]
[Round "5.17"]
[White "Jara Segovia, Jesus Javier"]
[Black "Kazarjan, Gachatur"]
[Result "1-0"]
[TimeControl "15+5"]
[WhiteFideId "3925439"]
[BlackFideId "1068750"]
[WhiteElo "1909"]
[BlackElo "2155"]

1. d4 Nf6 2. Nf3 d5 3. e3 e6 4. Bd3 Bd6 5. Nbd2 O-O 6. Qe2 Re8 7. Ne5 Nbd7 8. f4 c5 9. c3 b6 10.
O-O Bb7 11. g4 Ne4 12. Bxe4 dxe4 13.
Rf2 Bxe5 14. fxe5 Qg5 15. Rf4 cxd4 16. cxd4 Rac8 17. Nxe4 Qg6 18. Nd6 Rc2 19. Bd2 Rb8 20. Rxf7 Rxd2 21. Qxd2 Qxg4+ 22. Kf1 Ba6+ 23.
Kf2 Rf8 24. Rf4 Rxf4+ 25. exf4 Nf8 26. Rg1 Qh4+ 27. Ke3 Ng6 28. Qf2 Qd8 29. f5 exf5 30. Qxf5 Qe7 31. Rc1 Nf8 32. Rc2 Ne6 33. Rf2 Nd8 34. h4 h6 35.
Rg2 Qxh4 36. Rf2 Qg3+ 37. Qf3 Qg5+ 38. Qf4 Qe7 39. Nf5 Qe6 40. Rg2 g5 41. Rxg5+ hxg5 42. Qxg5+ Kf8 43. Qg7+ Ke8 44.
Nd6+ Qxd6 45. exd6 Nc6 46. Qc7 Bb5 47. d7+ 1-0

[Event "Open NK Rapid 2025"]
[Site "Helmond, Netherlands"]
[Date "2025.05.03"]
[Round "5.18"]
[White "Labruyere, Roger"]
[Black "Bach Pareja, Raimon"]
[Result "1-0"]
[TimeControl "15+5"]
[WhiteFideId "1059505"]
[BlackFideId "54728380"]
[WhiteElo "2117"]
[BlackElo "1868"]

1. e4 Nf6 2. e5 Nd5 3.
d4 d6 4. Nf3 dxe5 5. Nxe5 c6 6.
c4 Nb4 7. Be3 Bf5 8. Na3 Nd7 9. Nxd7 Qxd7 10. Be2 e5 11. dxe5 Nd3+ 12. Bxd3 Bxd3 13. Qb3 O-O-O 14. O-O-O Qf5 15. Nc2 c5 16. Ne1 Be4 17. Rxd8+ Kxd8 18.
f3 Bc6 19. Nd3 b6 20. Rd1 Kc7 21. Qc3 g5 22.
e6 Rg8 23. exf7 Qxf7 24. Qa3 Qxc4+ 25. Kb1 Kb7 26. Ne5 Qe2 27. Qb3 c4 28. Nxc4 Rg6 29. Bxb6 Bg7 30. Bxa7+ Kxa7 31. Qb6+ Ka8 32. Rd8# 1-0

[Event "Open NK Rapid 2025"]
[Site "Helmond, Netherlands"]
[Date "2025.05.03"]
[Round "5.19"]
[White "Pol, Nico"]
[Black "Margaryan, Artur"]
[Result "0-1"]
[TimeControl "15+5"]
[WhiteFideId "1064002"]
[BlackFideId "13304348"]
[WhiteElo "1878"]
[BlackElo "2100"]

1. b4 c6 2. Bb2 a5 3. a3 axb4 4. axb4 Rxa1 5.
Bxa1 Qb6 6. c3 e5 7. e3 d5 8. Qa4 Nf6 9. Nf3 e4 10. Nd4 Bd6 11. Be2 O-O 12. O-O Qc7 13. h3 Qe7 14.
f4 exf3 15. Bxf3 Qe5 16. Kf2 Nbd7 17. Na3 Ne4+ 18. Bxe4 Qxe4 19. Qc2 Qh4+ 20. Ke2 Qh5+ 21. Nf3 Nf6 22. Kd1 Bf5 23. d3 Bg6 24.
Qe2 Ra8 25. Bb2 Bg3 26. Kc2 Qf5 27.
Nd4 Qd7 28. Kd2 h5 29. Qf3 h4 30. Nf5 Bh5 31. Nh6+ Kf8 32. Qf5 Qe6 33. Qxe6 fxe6 34. Ng4 Ke7 35. Nf2 b5 36. Nh1 Bd6 37.
Ra1 Bg6 38. Nc2 Rxa1 39. Bxa1 e5 40.
Ne1 e4 41. d4 Bh5 42. Bb2 Nd7 43. Nc2 Nb6 44. Na3 Ke6 45. Ke1 Kf5 46. Kf2 Bd1 47. g4+ hxg3+ 48. Nxg3+ Kg5 49. Bc1 g6 50. Bd2 Kh4 51. Nh1 Bf3 52.
Kg1 Bxh1 53. Kxh1 Kxh3 54. Nc2 Kg3 55. Kg1 Kf3 56. Kf1 Bg3 57. Na1 Nc4 58. Bc1 Nxe3+ 59. Bxe3 Kxe3 60. Nb3 Kd3 61. Na5 e3 0-1

[Event "Open NK Rapid 2025"]
[Site "Helmond, Netherlands"]
[Date "2025.05.03"]
[Round "5.20"]
[White "Westveer, Riny"]
[Black "Taams, Lisanne"]
[Result "1/2-1/2"]
[TimeControl "15+5"]
[WhiteFideId "1088734"]
[BlackFideId "1055852"]
[WhiteElo "1876"]
[BlackElo "2078"]

1. d4 e6 2. c4 f5 3. g3 Nf6 4. Bg2 c6 5. Nf3 d5 6. O-O Bd6 7. Bf4 O-O 8. Nc3 b6 9. cxd5 Bxf4 10.
gxf4 cxd5 11. Rc1 Ne4 12. Ne5 Bb7 13. Nb5 Na6 14. Qa4 Nd6 15. Nxd6 Qxd6 16. Qd7 Qxd7 17. Nxd7 Rfc8 18. a3 Rxc1 19.
Rxc1 Rc8 20. Rxc8+ Bxc8 21. Ne5 Nc7 22. Nc6 Bd7 23. Ne5 Be8 24. e3 1/2-1/2

[Event "Open NK Rapid 2025"]
[Site "Helmond, Netherlands"]
[Date "2025.05.03"]
[Round "5.21"]
[White "Zecha, Oscar"]
[Black "Ruben, Berend"]
[Result "1-0"]
[TimeControl "15+5"]
[WhiteFideId "1073826"]
[BlackFideId "1084682"]
[WhiteElo "1873"]
[BlackElo "2074"]

1. b3 Nc6 2. Bb2 e5 3. e3 a6 4. Nf3 d6 5. c4 Bg4 6. h3 Bh5 7. Be2 Bg6 8. d4 e4 9. Nfd2 Qg5 10. O-O O-O-O 11. Nc3 f5 12.
Kh1 Nf6 13. Qe1 Be7 14. f4 Qh6 15. d5 Nb8 16. b4 Bh5 17. Bxh5 Nxh5 18. Nb3 g5 19. Nd4 Rdf8 20. fxg5 Qxg5 21.
Ne6 Qg6 22. Nxf8 Rxf8 23. Ne2 Rg8 24. Qf2 Nd7 25. Nf4 Nxf4 26. exf4 Bh4 27. Qe2 e3 28. Bd4 Bf2 29. Rxf2 exf2 30.
Qxf2 Nf6 31. Bxf6 Qxf6 32. Re1 Qc3 33. Qe3 Qxb4 34. Qe6+ Kb8 35. Qxg8+ Ka7 36. Qe6 Qxc4 37.
Qxf5 Qxa2 38. Qe4 1-0

[Event "Open NK Rapid 2025"]
[Site "Helmond, Netherlands"]
[Date "2025.05.03"]
[Round "5.22"]
[White "Nies, Levi"]
[Black "Geboers, Jimmy"]
[Result "1-0"]
[TimeControl "15+5"]
[WhiteFideId "1061275"]
[BlackFideId "262919"]
[WhiteElo "1828"]
[BlackElo "2065"]

1. e4 e6 2. e5 d5 3. exd6 cxd6 4. d4 b6 5. Nf3 Ba6 6. Bxa6 Nxa6 7. c3 Qd7 8. O-O Nf6 9. Qe2 Nc7 10. Ng5 Be7 11. f4 h6 12. Ne4 O-O 13. Nxf6+ Bxf6 14.
Qg4 Kh7 15. Nd2 g6 16. Ne4 Bg7 17. Qh4 f5 18. Ng5+ Kg8 19. Nf3 Rae8 20. Qg3 Kh7 21. Bd2 Bf6 22. Rae1 Re7 23. Re2 Rfe8 24.
Qe1 Na6 25. Qd1 Nb8 26. Rfe1 Nc6 27. Qa4 e5 28. d5 Nb8 29. Qc4 Qc7 30. Qxc7 Rxc7 31. fxe5 dxe5 32. Bf4 Rce7 33. d6 Re6 34. Nd4 Rxd6 35. Bxe5 Bxe5 36.
Rxe5 Rxe5 37. Rxe5 Rd7 38. Kf2 Na6 39. Ke2 Kg7 40. Re8 Nc7 41.
Rc8 Nd5 42. Ra8 Nf4+ 43. Kf3 Nd3 44. b4 Nc1 45. a3 Na2 46. Nb5 a5 47. bxa5 bxa5 48. Rxa5 Nxc3 49. Ra7 Rxa7 50. Nxa7 Kf6 51. Nc6 Ke6 52. Ke3 Kd6 53. Nd8 Ke5 54. Nf7+ Kf6 55. Nd8 g5 56. Kd3 Nd5 57. g3 f4 58. gxf4 Nxf4+ 59. Ke4 Ne6 60. Nxe6 Kxe6 61. a4 h5 62.
a5 Kd6 63. Kf5 g4 64. Kg5 1-0

[Event "Open NK Rapid 2025"]
[Site "Helmond, Netherlands"]
[Date "2025.05.03"]
[Round "5.23"]
[White "Bekkink, Sereyo"]
[Black "De Jong, Lode"]
[Result "1-0"]
[TimeControl "15+5"]
[WhiteFideId "1037161"]
[BlackFideId "40101860"]
[WhiteElo "2064"]
[BlackElo "1848"]

1. e4 c5 2. c3 Nf6 3. e5 Nd5 4.
Nf3 d6 5. exd6 Qxd6 6. d4 cxd4 7. Nxd4 Nc6 8. Be2 a6 9. Nxc6 Qxc6 10. O-O Be6 11. c4 Nf6 12. Bf3 Qxc4 13. Bxb7 Rd8 14. Nd2 Qb5 15. Bf3 g6 16.
a4 Qc5 17. Qe2 a5 18. b3 Bg7 19. Ba3 Qc2 20. Rac1 Qa2 21. Qb5+ Bd7 22. Qc5 O-O 23. Rc2 Rc8 24. Rxa2 Rxc5 25. Bxc5 1-0

[Event "Open NK Rapid 2025"]
[Site "Helmond, Netherlands"]
[Date "2025.05.03"]
[Round "5.24"]
[White "Margaryan, Aren"]
[Black "Elferink, Leon"]
[Result "1-0"]
[TimeControl "15+5"]
[WhiteFideId "40105075"]
[BlackFideId "1086545"]
[WhiteElo "2054"]
[BlackElo "1822"]

1. e4 e5 2. Nf3 Nc6 3. Nc3 Nf6 4. d4 exd4 5. Nxd4 Bb4 6.
Nxc6 Bxc3+ 7. bxc3 bxc6 8. Bd3 d5 9. exd5 Qe7+ 10. Be3 Nxd5 11. Qf3 O-O 12. O-O Qf6 13. Qe4 Qg6 14. Qc4 Nxe3 15.
fxe3 Qe6 16. Qf4 g6 17. Bc4 Qe7 18. Rad1 Be6 19. Qe5 Rae8 20. Bxe6 Qxe6 21. Qxe6 Rxe6 22. Rd3 Rfe8 23. Kf2 f5 24.
g3 Re4 25. Re1 R8e7 26. Rd4 Kf7 27.
h3 c5 28. Rd5 Rc4 29. Rd3 Ra4 30. Ra1 Ra3 31. c4 Ra4 32. Rad1 Rxa2 33. R1d2 a5 34. Rd5 a4 35. Rxc5 a3 36.
Ra5 Re4 37. Rd7+ Ke6 38. Rxc7 Rxc2+ 39. Kf3 Rcxc4 40. Ra6+ Kd5 41. Rd7+ Kc5 42. Rxa3 Kb4 43. Rad3 g5 44. Rxh7 g4+ 45. hxg4 fxg4+ 46. Ke2 Rc2+ 47. Rd2 Rcc4 48. Rhd7 Kb5 49. R7d4 Kc6 50. Rxc4+ Rxc4 51.
Rd4 Rc2+ 52. Kd3 Rg2 53. Rxg4 1-0

[Event "Open NK Rapid 2025"]
[Site "Helmond, Netherlands"]
[Date "2025.05.03"]
[Round "5.25"]
[White "Khatniuk, Anastasiia"]
[Black "Ritzerveld, Noah"]
[Result "0-1"]
[TimeControl "15+5"]
[WhiteFideId "14179105"]
[BlackFideId "1085760"]
[WhiteElo "1822"]
[BlackElo "2053"]

1. e4 e5 2. Nf3 Nc6 3.
Bb5 a6 4. Ba4 Nf6 5. O-O Be7 6. Re1 b5 7. Bb3 d6 8.
a4 Bd7 9. c3 O-O 10. d3 Na5 11. Bc2 c5 12. Bd2 Qc7 13. h3 Nc6 14. Na3 Rab8 15. Qc1 b4 16. Nc4 bxc3 17. bxc3 Be6 18.
Ne3 Na5 19. Bd1 Nb3 20. Bxb3 Rxb3 21. Ng5 Bd7 22. Nd5 Nxd5 23. exd5 h6 24. Nf3 Bf5 25. Re3 Rfb8 26. g4 Bh7 27.
Kg2 c4 28. dxc4 Rb1 29. Qa3 Qxc4 30. Qa2 Qf1+ 0-1

[Event "Open NK Rapid 2025"]
[Site "Helmond, Netherlands"]
[Date "2025.05.03"]
[Round "6.1"]
[White "Schneider, Ilja"]
[Black "Warmerdam, Max"]
[Result "0-1"]
[TimeControl "15+5"]
[WhiteFideId "4663306"]
[BlackFideId "1048104"]
[WhiteElo "2438"]
[BlackElo "2517"]

1. d4 d5 2. c4 e6 3. Nf3 Nf6 4. g3 Bb4+ 5. Bd2 Be7 6. Bg2 O-O 7. O-O Nbd7 8. Qc2 c6 9. Bf4 a5 10.
Nc3 dxc4 11. Rfd1 Nd5 12. Nd2 b5 13. a4 b4 14. Nce4 N7b6 15. Nxc4 Nxc4 16. Qxc4 Ba6 17. Qc2 b3 18. Qd2 Bb4 19. Nc3 Bxc3 20.
bxc3 Nxf4 21. gxf4 Qd7 22. c4 Rfb8 23.
Qxa5 Bxc4 24. Qc5 Bxe2 25. Rd2 Bb5 26. Qb4 Bf1 27. Qc3 Bxg2 28. Kxg2 Qd5+ 29. Kg3 h5 30. a5 Qf5 31. h3 h4+ 32. Kg2 Qxf4 33. Rb2 Qe4+ 34. Kh2 Qd5 35. a6 Ra7 36. Ra5 Qd6+ 37. Kg2 Qb4 38. Qxb4 Rxb4 39. Ra3 g5 40. Ra5 f6 41.
Ra3 Kf7 42. Kf3 Rb6 43. Raxb3 Rxb3+ 44. Rxb3 Rxa6 45. Kg4 Ra4 46. Kh5 Rxd4 47. Rb7+ Ke8 48. Kg6 Rf4 49. Rc7 e5 50.
Rxc6 Rxf2 51. Rc7 Rf4 52. Ra7 e4 0-1